woodfighter, chaotic female elven Priestess ----- ..`)| |%..| #.....## | #|...|## ....| ----- #+..>|# | |....############-----# |...| ###@### |...| |<^.| ---.- # ### # # + woodfighter the Aspirant Experience level: 2 Strength: 12 Dexterity: 11 Constitution: 13 Intelligence: 18 Wisdom: 8 Charisma: 13 Health: 0(20) Energy: 18(18) Def: 3 Gold: 142 Moves: 957 Dungeon seed: xK-ty2P7tDA_2e5V Game ID: woodfighter_1534227831 Your Inventory: Coins $ - 142 gold pieces Weapons a - a blessed rusty +1 mace (weapon in hand) k - a +0 spear Armor e - a +0 robe (being worn) n - a +0 small shield (being worn) Comestibles c - a clove of garlic d - a sprig of wolfsbane v - a lichen corpse Scrolls o - a scroll of taming u - a scroll of scare monster Spellbooks g - a spellbook of detect monsters h - a spellbook of protection i - a spellbook of light Potions b - 4 potions of holy water l - a blessed potion of extra healing r - a potion of object detection s - a potion of extra healing t - a potion of levitation Wands f - a wand of cancellation (0:1) Tools j - a leather drum Spells and supernatural/magical abilities: Name Level Category Fail Memory l - light 1 divination 0% 96% n - detect monsters 1 divination 0% 96% p - protection 1 clerical 0% 96% W - pray for help -- divine ? -- X - turn undead -- divine ? -- Your skills at the end: Miscellaneous Skills shield [Basic] wands [Basic] Weapon Skills mace [Basic] Spellcasting Skills clerical spells [Basic] Final Attributes: You were piously aligned. You had infravision. You were very stealthy. You are dead. Vanquished creatures: a kitten 3 coyotes a gecko a green mold 2 jackals 4 newts a goblin 4 grid bugs a lichen 3 kobold zombies 21 creatures vanquished. Voluntary challenges: You did not adorn yourself with jewelry or accessories. You did not cause conflict. You were not invisible. You did not have reflection. You were not displaced. You were an atheist. You used a wielded weapon 25 times, starting on turn 2. You did not use tools. You did not use plumbed fixtures. You did not drink any magical draughts. You were illiterate. You never genocided any monsters. You never polymorphed an object. You never changed form. You used no wishes. You never split a pudding. You never wrote Elbereth's name. You never violated your personal moral code. Dungeon overview: The Dungeons of Doom: levels 1 to 3 Level 1 some altars to Ptah a long staircase Level 2 Level 3 <- You were here stairs to The Gnomish Mines The Gnomish Mines: Level 4 stairs to The Dungeons of Doom History has recorded: On T:1 you entered the Dungeons of Doom to retrieve the Amulet of Yendor! On T:378 you reached level 2 of The Dungeons of Doom. On T:769 you reached level 3 of The Dungeons of Doom. On T:927 you advanced to experience level 2. On T:946 you reached level 1 of The Gnomish Mines. Score breakdown: Gold: 142 ( 14 points) Experience: 2 levels ( 100 points) Exploration: 4 levels ( 90 points) Discoveries: 5 items ( 250 points) Variety of kills: 10 monsters ( 500 points) Major goal: (nothing yet) ( 0 points) Survival: died (score multiplied by 3) Total score: 2862 Latest messages: Kitty is killed! You stop exploring. You destroy the kobold zombie! Welcome to experience level 2. You feel more confident in your skills. You kill the grid bug! (2x) You see here a kobold corpse. You kill the gecko! The coyote bites! You kill the coyote! The coyote bites! You hit the coyote. The coyote bites! You kill the coyote! The coyote bites! You hit the coyote. The coyote bites! You hit the coyote. The coyote bites! You kill the coyote! You see here a statue of a manes. $ - 29 gold pieces. You see here 11 bamboo arrows. A green mold blocks your way. You kill the green mold! You are splashed by something's acid! You die... Final status: Goodbye woodfighter the Priestess, killed by a green mold... You died in The Dungeons of Doom on dungeon level 3 with 2862 points, and 142 pieces of gold, after 957 moves. You were level 2 with a maximum of 20 hit points when you died.